 Dungeon Crawl Stone Soup version 0.30.1-11-g7821555f0a (webtiles) character file.

Game seed: 7226259941512723811

24 Glitchless the Cudgeller (level 2, -16/27 HPs)
             Began as a Minotaur Berserker on Dec 9, 2023.
             Was a Follower of Trog.
             Demolished by a kobold
             ... wielding a +2 whip of electrocution
              (19 damage)
             ... on level 1 of the Dungeon.
             The game lasted 00:00:51 (149 turns).

Glitchless the Cudgeller (Minotaur Berserker)        Turns: 149, Time: 00:00:51

Health: -16/27     AC:  2    Str: 21    XL:     2   Next: 79%
Magic:  1/1        EV: 12    Int:  4    God:    Trog [*.....]
Gold:   0          SH:  0    Dex:  9    Spells: 1/1 levels left

rFire   . . .        a - +0 mace
rCold   . . .        (no shield)
rNeg    . . .        b - +0 animal skin
rPois   .            (helmet restricted)
rElec   .            (no cloak)
rCorr   .            (no gloves)
SInv    .            (no boots)
Will    .....        (no amulet)
Stlth   +            (no ring)
HPRegen 0.24/turn    (no ring)
MPRegen 0.07/turn

%: no passive effects
@: no status effects
A: horns 2, retaliatory headbutt
a: Renounce Religion, Berserk


You were on level 1 of the Dungeon.
You worshipped Trog.
Trog was aware of your devotion.
You visited 1 branch of the dungeon, and saw 1 of its levels.

Inventory:

Hand Weapons
 a - a +0 mace (weapon)
Armour
 b - a +0 animal skin (worn)
Scrolls
 c - a scroll of noise {unknown}


   Skills:
 * Level 4.1 Fighting
 * Level 4.2 Maces & Flails
 * Level 2.6 Armour
 * Level 2.3 Dodging


You had one spell level left.
You didn't know any spells.
Your spell library was empty.

Dungeon Overview and Level Annotations

Branches:
Dungeon (1/15)

Altars:


Innate Abilities, Weirdness & Mutations

You have a pair of horns on your head.
You reflexively headbutt those who attack you in melee.


Message History

You start resting.
You feel yourself speed up.
You start resting.
You recover from your berserk rage.
You start resting.
HP restored.
Unknown command.
You open the door.
There is an open door here.
A quokka comes into view.
Found a scroll labelled QAEN ZEPPAIWN.
You hit the quokka but do no damage. Your headbutt misses the quokka.
The quokka bites you.
You hit the quokka.
You kill the quokka!
Trog accepts your kill.
No target in view!
c - a scroll labelled QAEN ZEPPAIWN A kobold comes into view.
It is wielding a +2 whip of electrocution.
A kobold is nearby!
A kobold is nearby!
A kobold is nearby!
Found 3 stones.
The kobold hits you with a +2 whip of electrocution.
You are electrocuted!
Ouch! That really hurt!
You are too injured to fight recklessly!
You are too injured to fight recklessly!
You are too injured to fight recklessly!
You closely miss the kobold. The kobold hits you but does no damage.
The kobold completely misses you.
You completely miss the kobold. The kobold barely misses you.
You hit the kobold but do no damage.
The kobold hits you with a +2 whip of electrocution.
You hit the kobold but do no damage.
The kobold hits you with a +2 whip of electrocution.
* * * LOW HITPOINT WARNING * * *
You are electrocuted!!
Ouch! That really hurt!
You die...

.............####..#
#...........## ...
####....##### ..
#8#..##.###
..........###
...####.###.###.#
... #........... ##
#..##.###.###
...#.#.@.......
##.##..K##.###.# #.
#.#. ... # ...#. #.#
###.#. ..# .. ... #.
#( #.


You could see a kobold.

Vanquished Creatures
  2 worms (D:1)
  3 endoplasms (D:1)
  3 giant cockroaches (D:1)
  2 jackals (D:1)
  A quokka (D:1)
  7 rats (D:1)
18 creatures vanquished.

Notes
Turn   | Place    | Note
-------+----------+-------------------------------------------
     0 | D:1      | Glitchless the Minotaur Berserker began the quest for the
                  | Orb.
     0 | D:1      | Reached XP level 1. HP: 19/19 MP: 0/0
     1 | D:1      | Found a runed translucent door.
    18 | D:1      | Reached XP level 2. HP: 24/27 MP: 1/1
   149 | D:1      | Demolished by a kobold

Illustrated notes

Levels and vault maps discovered:
D:1:      dpeg_arrival_caged_fury, layout_rooms, nrook_uturn,
          nicolae_concentric_dashed_squares_wild, chequers_hall_statues_corner_a

Skill      XL: |  1  2 |
---------------+-------+-----
Maces & Flails | 4 |  4.2
Fighting       | 4 |  4.1
Armour         | |  2.6
Dodging        | |  2.3

Action                     || total
---------------------------++-------
  Melee: Mace              ||    37
         Headbutt          ||     4
 Invoke: Berserk           ||     1
 Armour: Animal skin       ||     7
  Dodge: Dodged            ||    20
